 Dungeon Crawl Stone Soup version 0.30-a0-939-gc8157cb160 (webtiles) character file.

Game seed: 6446334091473271221

2118 DeathPants the Cutter (level 9, -1/48 HPs)
             Began as a Vine Stalker Fighter on Mar 25, 2023.
             Slain by a boulder beetle (30 damage)
             ... on level 7 of the Dungeon.
             The game lasted 00:14:27 (4674 turns).

DeathPants the Cutter (Vine Stalker Fighter)        Turns: 4674, Time: 00:14:28

Health: -1/48      AC:  9    Str: 18    XL:     9   Next: 29%
Magic:  0/18       EV: 13    Int: 10    God:
Gold:   167        SH:  0    Dex: 21    Spells: 18/18 levels left

rFire   + . .      SeeInvis .    a - +9 rapier of Ecomaewo {speed, rElec rPois Str-2 Dex+6}
rCold   . . .      Faith    .    (no shield)
rNeg    . . .      Spirit   +    v - +2 ring mail {rF+}
rPois   +          Reflect  .    (no helmet)
rElec   +          Rampage  .    (no cloak)
rCorr   .                        (no gloves)
Will    +....                    j - +1 pair of boots
Stlth   +                        i - amulet of the acrobat
HPRegen 1.08/turn                (no ring)
MPRegen 0.16/turn                (no ring)

@: no status effects
A: fangs 3, regeneration 1, magic shield, antimagic bite, no potion heal 2
a: no special abilities


You were on level 7 of the Dungeon.
You visited 1 branch of the dungeon, and saw 7 of its levels.

You collected 422 gold pieces.
You spent 255 gold pieces at shops.

Inventory:

Hand Weapons
 a - the +9 rapier of Ecomaewo (weapon) {speed, rElec rPois Str-2 Dex+6}
   (You found it on level 6 of the Dungeon)

   Str:       It affects your strength (-2).
   Dex:       It affects your dexterity (+6).
   rElec:     It insulates you from electricity.
   rPois:     It protects you from poison.
 n - a +0 rapier
Missiles
 h - 5 poisoned darts
 r - 3 boomerangs
 x - 5 datura-tipped darts
 B - a throwing net (quivered)
Armour
 c - a +0 buckler
 j - a +1 pair of boots (worn)
 v - a +2 ring mail of fire resistance (worn)
Jewellery
 i - an amulet of the acrobat (around neck)
 p - a ring of wizardry
 q - a ring of wizardry
 A - a ring of ice
Wands
 m - a wand of flame (3)
 t - a wand of iceblast (18)
Scrolls
 e - 5 scrolls of enchant armour
 f - 4 scrolls of magic mapping
 k - 2 scrolls of identify
 o - 7 scrolls of fog
 s - a scroll of teleportation
 y - a scroll of blinking
Potions
 b - a potion of brilliance
 d - a potion of magic
 g - 4 potions of curing
 l - 2 potions of cancellation
 u - 2 potions of flight
 w - 3 potions of might
 z - 2 potions of lignification


   Skills:
 + Level 5.9 Fighting
 * Level 6.5 Short Blades
 - Level 2.4 Armour
 + Level 4.5 Dodging
 - Level 2.6 Shields
 + Level 5.4 Spellcasting


You had 18 spell levels left.
You didn't know any spells.
Your spell library contained the following spells:

 Spells                   Type           Power      Damage    Failure   Level
 Ensorcelled Hibernation  Hex/Ice        4%         N/A       50%         2
 Passwall                 Tmut/Erth      1%         N/A       50%         2
 Portal Projectile        Hex/Tloc       4%         N/A       75%         3
 Spider Form              Tmut/Pois      2%         N/A       75%         3
 Swiftness                Air            2%         N/A       75%         3
 Tukima's Dance           Hex            2%         N/A       75%         3
 Anguish                  Hex/Necr       1%         N/A       98%         4
 Blade Hands              Tmut           1%         N/A       100%        5
 Conjure Ball Lightning   Conj/Air       1%         3x3d6     100%        6
 Discord                  Hex            1%         N/A       100%        8
 Disjunction              Tloc           1%         N/A       100%        8


Dungeon Overview and Level Annotations

Branches:
Dungeon (7/15)
 Temple: D:4-7

Altars:
Fedhas
Kikubaaqudgha
Yredelemnul

Shops:
D:1 (   D:5 *

Annotations:
D:4 3 runed translucent doors, Brisketman's ghost, amateur SpBr


Innate Abilities, Weirdness & Mutations

You have razor-sharp teeth.
Your natural rate of healing is unusually fast.
When hurt, damage is shared between your health and your magic reserves.
Your bite disrupts and absorbs the magic of your enemies.
Potions cannot restore your health.


Message History

A black bear and a wight come into view.
The black bear growls angrily.
An orc comes into view. It is wielding a +0 short sword.
A boulder beetle comes into view.
The boulder beetle curls into a ball and begins rolling!
You feel yourself speed up. The black bear completely misses you.
The black bear closely misses you.
The black bear claws you but does no damage.
As you read the scroll of teleportation, it crumbles to dust.
You feel strangely unstable. The bullfrog closely misses you.
The black bear closely misses you.
The black bear claws you but does no damage.
The black bear misses you.
The boulder beetle stops rolling and uncurls.
The bullfrog misses you. The black bear completely misses you.
The black bear closely misses you. The black bear completely misses you.
The wight attacks as you move away! The wight barely misses you.
The bullfrog completely misses you. The bullfrog closely misses you.
The boulder beetle curls into a ball and begins rolling!
The bullfrog attacks as you move away! The bullfrog misses you.
Your surroundings suddenly seem different.
A sourceless malevolence fills the Dungeon... and a teleportation trap spontaneously manifests!
You are yanked towards some nearby monsters!
Your surroundings suddenly seem different.
The bullfrog gives a loud, deep croak!
The orc throws a boomerang.
The boomerang completely misses you.
The boulder beetle stops rolling and uncurls.
The boulder beetle curls into a ball and begins rolling!
You closely miss the orc. You puncture the orc!
You kill the orc!
Throw: 6 darts (poison)
Press: ? - help, Shift-Dir - straight line, f - boulder beetle
Aim: a boulder beetle (rolling, 90% to hit)
You throw a poisoned dart.
The poisoned dart hits the boulder beetle.
The boulder beetle is poisoned.
The boulder beetle hits you!!
Ouch! That really hurt!
You die...

#.#.#.#.#.#....e.W....###.
##..○....##..##.☼##.○####.
# #....###..#
#...#...°.... #.##.hz#
#.## #...#.../○...
#....##.##.. #######+##○..
#.##.# #°..## ##.E. #
#..###.F..# .>#....
##......B## ........
.#.#.#.#@# #.~~≈~~~ # ##
##### #.~≈≈≈~≈ #.~##+++
...~ ...


You could see a boulder beetle (rolling, poisoned), a black bear, a bullfrog and
a wight.

Vanquished Creatures
  Grinder (D:5)
  A steam dragon (D:5)
  An acid dragon (D:7)
  Edmund (D:5)
  Duvessa (D:5)
  A sky beast (D:7)
  2 ogres (D:4)
  2 centaurs (D:7)
  Blork the orc (D:5)
  2 bullfrogs (D:6)
  3 scorpions
  Dowan (D:5)
  An electric eel (D:6)
  2 howler monkeys (D:5)
  A gnoll bouda (D:6)
  4 orc priests
  4 hounds
  2 iguanas (D:5)
  An orc wizard (D:6)
  5 adders
  4 gnolls (D:6)
  3 ufetubi
  2 worms
  7 dart slugs
  25 orcs
  5 ball pythons
  6 endoplasms
  2 giant cockroaches (D:1)
  8 goblins
  4 hobgoblins
  3 quokkas
  3 bats
  3 frilled lizards
  4 kobolds
  6 rats
122 creatures vanquished.

Vanquished Creatures (others)
  An orc priest (D:7)
  An orc (D:7)
2 creatures vanquished.

Grand Total: 124 creatures vanquished

Notes
Turn   | Place    | Note
-------+----------+-------------------------------------------
     0 | D:1      | DeathPants the Vine Stalker Fighter began the quest for the
                  | Orb.
     0 | D:1      | Reached XP level 1. HP: 11/11 MP: 2/2
   205 | D:1      | Found a faded altar of an unknown god.
   364 | D:2      | Reached XP level 2. HP: 15/16 MP: 3/3
   381 | D:1      | Reached skill level 2 in Short Blades
   604 | D:1      | Found Peguniyc's Weapon Emporium.
   731 | D:1      | Reached skill level 1 in Spellcasting
   856 | D:1      | Reached XP level 3. HP: 20/20 MP: 5/5
  1231 | D:2      | Reached skill level 1 in Dodging
  1690 | D:3      | Gained mutation: Your natural rate of healing is unusually
                  | fast. [Vine Stalker growth]
  1690 | D:3      | Reached XP level 4. HP: 24/24 MP: 7/7
  1708 | D:3      | Reached XP level 5. HP: 16/28 MP: 1/9
  2376 | D:4      | You fall into a shaft and drop 3 floors!
  2399 | D:7      | Reached skill level 3 in Short Blades
  2421 | D:6      | Identified the +9 rapier of Ecomaewo {speed, rElec rPois
                  | Str-2 Dex+6}
  2469 | D:6      | Reached XP level 6. HP: 33/33 MP: 10/10
  2567 | D:6      | Reached XP level 7. HP: 30/37 MP: 9/12
  2642 | D:5      | Entered Level 5 of the Dungeon
  2642 | D:5      | Noticed Blork the orc
  2646 | D:5      | Noticed Duvessa
  2646 | D:5      | Noticed Dowan
  2649 | D:5      | Killed Blork the orc
  2659 | D:5      | Killed Duvessa
  2664 | D:5      | Killed Dowan
  2665 | D:5      | Reached skill level 4 in Short Blades
  2739 | D:5      | Noticed Edmund
  2751 | D:5      | Killed Edmund
  2752 | D:5      | Gained mutation: You have razor-sharp teeth. [Vine Stalker
                  | growth]
  2752 | D:5      | Reached XP level 8. HP: 26/42 MP: 15/15
  2864 | D:4      | Found a runed translucent gate.
  2864 | D:4      | Found a runed translucent gate.
  2864 | D:4      | Found a runed translucent gate.
  2988 | D:4      | Noticed Brisketman's ghost (amateur SpBr)
  3027 | D:4      | Found a basalt altar of Yredelemnul.
  3267 | D:4      | Found an ancient bone altar of Kikubaaqudgha.
  3273 | D:4      | Reached skill level 5 in Fighting
  3277 | D:4      | Reached skill level 5 in Short Blades
  3720 | D:5      | Found Uchuron's General Store.
  3729 | D:5      | Bought a scroll of enchant armour for 75 gold pieces
  3729 | D:5      | Bought a scroll of enchant armour for 75 gold pieces
  3729 | D:5      | Bought a scroll of blinking for 75 gold pieces
  3729 | D:5      | Bought a throwing net for 30 gold pieces
  3964 | D:5      | Noticed Grinder
  3981 | D:5      | Killed Grinder
  4106 | D:5      | Reached skill level 5 in Spellcasting
  4133 | D:5      | Reached XP level 9. HP: 46/47 MP: 17/17
  4249 | D:6      | Found a blossoming altar of Fedhas.
  4305 | D:6      | Reached skill level 6 in Short Blades
  4506 | D:6      | Identified the +2 rapier "Reorukou" {venom, Str+4 Dex+3}
  4643 | D:7      | Noticed a deep elf pyromancer
  4647 | D:7      | Noticed a cyclops
  4660 | D:7      | Noticed a boulder beetle
  4674 | D:7      | Slain by a boulder beetle

Illustrated notes

Levels and vault maps discovered:
D:1:      dpeg_chamrin_arrival_tetris, layout_basic, serial_shops, shop,
          hellmonk_ecumenical_altar_lost_god, serial_bayou_ford_a, minivault_23
D:2:      layout_basic, st_stairs_9
D:3:      minmay_inner_zag, layout_basic
D:4:      layout_basic, mainiacjoe_overflow_small_starburst,
          nicolae_kikubaaqudgha_miasma_corner, gammafunk_ghost_icy
D:5:      layout_loops_ring, serial_shops,
          nicolae_shop_temple_entry_statues_fountains, minivault_4,
          uniq_grinder, uniq_blork_the_orc, uniq_duvessa, uniq_edmund
D:6:      layout_basic, fedhas_altar_1, nrook_pool_corridor,
          nrook_mini_backslash, corexii_leaking_fountain
D:7:      minmay_the_grid_plus [minmay_the_grid_tiny_cups,
          minmay_the_grid_square_x, minmay_the_grid_expand,
          minmay_the_grid_minigrid_medium, minmay_the_grid_prize_big_room],
          layout_gridville, mainiacjoe_overflow_tiny_flanked,
          minmay_temple_entry_statues_fountains, enter_bailey_4, serial_shops,
          kennysheep_mini, minmay_misc_feat_x

Skill      XL: |  1  2  3  4  5  6  7  8  9 |
---------------+----------------------------+-----
Short Blades   | 2 3 4 5 6 |  6.5
Spellcasting   | 1 2 3 4 5 |  5.4
Fighting       | 3 4 5 |  5.9
Dodging        | 1 2 3 4 |  4.5
Armour         | |  2.4
Shields        | |  2.6

Action                     |  1- 3 |  4- 6 |  7- 9 || total
---------------------------+-------+-------+-------++-------
  Melee: Rapier            |    98 |   107 |   151 ||   356
         Bite              |    27 |    36 |    40 ||   103
         Punch             |     1 |       |     4 ||     5
  Throw: Throwing net      |       |       |     1 ||     1
         Dart              |       |       |     1 ||     1
  Evoke: Wand              |       |     8 |     3 ||    11
    Use: Scroll            |       |     7 |    10 ||    17
         Potion            |       |       |     1 ||     1
   Stab: Sleeping          |       |       |     1 ||     1
 Armour: Scale mail        |    35 |    24 |       ||    59
         Ring mail         |       |    10 |    39 ||    49
  Dodge: Dodged            |    77 |    75 |    98 ||   250

Table legend: (Time is in decaauts)
 A = Elapsed time spent in this place.
 B = Non-inter-level travel time spent in this place.
 C = Inter-level travel time spent in this place.
 D = Time resting spent in this place.
 E = Time spent auto-exploring this place.
 F = Levels seen in this place.
 G = Mean time per level.
                   A        B        C        D        E       F      G
               +--------+--------+--------+--------+--------+-----+--------+
         Total |   4644 |   4578 |     66 |    125 |   3171 |   7 |  663.4 |
       Dungeon |   4644 |   4578 |     66 |    125 |   3171 |   7 |  663.4 |
               +--------+--------+--------+--------+--------+-----+--------+

Top non-repeatable levels by time:
     D:1: 954 daAuts
     D:4: 834 daAuts
     D:5: 822 daAuts
     D:3: 757 daAuts
     D:2: 589 daAuts
     D:6: 506 daAuts
     D:7: 179 daAuts
